 Dungeon Crawl Stone Soup version 0.18-a0-1577-gf591c28 (webtiles) character file.

25 Duffy the Cudgeler (level 3, 0/29 HPs)
             Began as a Formicid Gladiator on Mar 22, 2016.
             Succumbed to an adder's poison
             ... on level 2 of the Dungeon.
             The game lasted 00:01:17 (898 turns).

Duffy the Cudgeler (Formicid Gladiator)              Turns: 898, Time: 00:01:18

Health: 0/29       AC:  5    Str: 19    XL:     3   Next: 17%
Magic:  3/3        EV: 11    Int: 12    God:
Gold:   29         SH:  0    Dex: 12    Spells: 0 memorised, 2 levels left

rFire  . . .     SeeInvis +     l - 11 needles (poison)
rCold  . . .     Gourm    .     j - +0 ring mail
rNeg   . . .     Faith    +     (no shield)
rPois  .         Spirit   .     (helmet unavailable)
rElec  .         Dismiss  .     (no cloak)
rCorr  .         Reflect  .     (no gloves)
SustAt .         Harm     .     (no boots)
MR     .....                    k - amulet of faith
Stlth  +.........               (no ring)
                                (no ring)

@: brilliant, lethally poisoned (0 -> -5), not resistant to hostile
enchantments, very unstealthy
A: permanent stasis, dig shafts and tunnels, four strong arms, antennae 3
a: Dig, Shaft Self


You were on level 2 of the Dungeon.
You were not hungry.

You visited 1 branch of the dungeon, and saw 2 of its levels.

You collected 29 gold pieces.


Innate Abilities, Weirdness & Mutations

You are under a permanent stasis effect.
You can dig through walls and to a lower floor.
Your four strong arms can wield two-handed weapons with a shield.
You have a pair of large antennae on your head (SInv).


   Skills:
 + Level 3.1 Fighting
 + Level 3.5 Maces & Flails
 - Level 2.0 Throwing
 - Level 2.6 Dodging


You had 2 spell levels left.
You didn't know any spells.

Inventory:

Hand Weapons
 a - a +0 flail
Missiles
 c - 3 throwing nets (quivered)
 l - 11 poisoned needles (in hand)
Armour
 b - a +0 leather armour
 j - a +0 ring mail (worn)
Jewellery
 k - an amulet of faith (around neck)
Wands
 i - a wand of enslavement (14/24)
Scrolls
 e - a scroll of remove curse {unknown}
Comestibles
 d - a bread ration
 f - a fruit
 g - a royal jelly
 h - 2 meat rations

Dungeon Overview and Level Annotations

Branches:
Dungeon (2/15)

Altars:


Message History

The adder is almost dead.
You feel sick. The adder bites you.
You are lethally poisoned!
The adder poisons you! The adder misses you.
You sock the adder!
You kill the adder!
Your Fighting skill increases to level 3!
You have reached level 3!
Your experience leads to an increase in your attributes!
Increase (S)trength, (I)ntelligence, or (D)exterity?
You feel agile.
You feel sick.
You aren't carrying any potions.
You aren't carrying any potions.
Wield which item (- for none, * to show all)? (? for menu, Esc to quit)
Okay, then.
You feel sick.
You see here an adder corpse.
You feel sick.
You feel sick.
You see here a murky black potion.
m - a murky black potion Drink which item? (? for menu, Esc to quit)
It was a potion of brilliance.
You feel clever all of a sudden.
You feel sick.
Wield which item (- for none, * to show all)? (? for menu, Esc to quit)
l - 11 poisoned needles (in hand)
You swing at nothing.
You feel sick.
You swing at nothing.
You feel sick.
You swing at nothing.
You feel sick.
You swing at nothing.
You feel sick.
You swing at nothing.
You swing at nothing.
You die...

#. ....# { .
#.##.#.#
...#+#....#.#
..........#.####+#
.......<..%......#
........#+#.####+#
#..........%.#
#.)...##..$..#
#....!.....@.#
#.....##.....#
#.... #.....#
##### #.....#
#.....# #######


There were no monsters in sight!

Action                   || total
-------------------------++-------
Melee: Flail             ||    48
  Use: Potion            ||     1

Notes
Turn   | Place    | Note
--------------------------------------------------------------
     0 | D:1      | Duffy the Formicid Gladiator began the quest for the Orb.
     0 | D:1      | Reached XP level 1. HP: 16/16 MP: 1/1
    96 | D:1      | Reached XP level 2. HP: 17/23 MP: 2/2
   886 | D:2      | Reached skill level 3 in Fighting
   886 | D:2      | Reached XP level 3. HP: 8/29 MP: 3/3
   898 | D:2      | Succumbed to an adder's poison

Vault maps used:
D:1:      dpeg_arrival_erosion, dk_noncrumbling_3, serial_bayou_ford_a
D:2:      lemuel_round_altar, first_bread, uniq_terence

Vanquished Creatures
  An adder
  2 dart slugs
  A giant cockroach
  3 goblins
  A hobgoblin
  4 bats
12 creatures vanquished.
